 Dungeon Crawl Stone Soup version 0.29.1-1-gd02db6906a (webtiles) character file.

Game seed: 307538048195003714

16 anonymouscript the Magician (level 2, -1/23 HPs)
             Began as a Djinni Fire Elementalist on Sept 27, 2022.
             Slain by a rat (3 damage)
             ... on level 1 of the Dungeon.
             The game lasted 00:02:27 (549 turns).

anonymouscript the Magician (DjFE)                   Turns: 549, Time: 00:02:27

Health: -1/23      AC:  4    Str:  5    XL:     2   Next: 75%
Gold:   8          EV: 16    Int: 16    God:
                   SH:  0    Dex: 13

rFire   + + .      SeeInvis .   (no weapon)
rCold   x . .      Faith    .   (no shield)
rNeg    . . .      Spirit   .   a - +0 robe
rPois   ∞          Reflect  .   (no helmet)
rElec   .          Harm     .   (no cloak)
rCorr   .          Rampage  .   (no gloves)
Will    .....                   (boots unavailable)
Stlth   ++........              (no amulet)
HPRegen 0.07/turn               c - +4 ring of evasion
MPRegen 0.00/turn               (no ring)

@: flying
A: sickness immunity, fire resistance 2, cold vulnerability 1, float, innate
caster, HP casting, extra vitality 1, iridescent scales 1, robust 1, weak 1,
subdued magic 1
a: no special abilities


You were on level 1 of the Dungeon.
You visited 1 branch of the dungeon, and saw 1 of its levels.

You collected 8 gold pieces.

Inventory:

Hand Weapons
 e - a +0 dagger
Armour
 a - a +0 robe (worn)
 f - a +0 scale mail
Jewellery
 c - a +4 ring of evasion (left hand)
 d - a ring of ice


   Skills:
 + Level 2.2 Dodging
 + Level 1.6 Stealth
 + Level 3.0 Spellcasting


You couldn't memorise any spells.
You knew the following spells:

 Your Spells              Type           Power      Damage    Failure   Level
a - Foxfire               Conj/Fire      36%        2x1d5     4%          1
b - Scorch                Fire           18%        2d6       7%          2
c - Conjure Flame         Conj/Fire      9%         6-21      13%         3
d - Inner Flame           Hex/Fire       9%         N/A       13%         3
e - Flame Wave            Conj/Fire      9%         2d6       43%         4
Your spell library was empty.

Dungeon Overview and Level Annotations

Branches:
Dungeon (1/15)

Altars:


Innate Abilities, Weirdness & Mutations

You are immune to sickness and miasma.
You are immune to poison.
Your flesh is very heat resistant. (rF++)
You are vulnerable to cold. (rC-)
You float through the air rather than walking.
You learn spells naturally, not from books.
Your magical power is your life essence.
You have superior vitality. (+4 MHP)
You are partially covered in iridescent scales. (AC +2)
You are robust. (+10% HP)
You are weak. (Str -2)
Your spells are a little easier to cast, but a little less powerful.


Message History

The endoplasm attacks as you move away! The endoplasm misses you.
Found a scroll labelled ZOVUITU ZAUHE.
The rat attacks as you move away! The rat bites you.
* * * LOW HITPOINT WARNING * * *
The rat attacks as you move away! The rat bites you but does no damage.
You see here a scroll labelled ZOVUITU ZAUHE.
The rat attacks as you move away! The rat closely misses you.
The endoplasm is attracted toward you.
The frilled lizard is attracted toward you.
The ball python is attracted toward you.
The rat barely misses you.
The frilled lizard is attracted toward you.
The ball python is attracted toward you.
The endoplasm jiggles.
The endoplasm attacks as you move away! The endoplasm misses you.
The endoplasm is attracted toward you.
The ball python is attracted toward you.
The hobgoblin is attracted toward you. The endoplasm attacks as you move away!
The endoplasm closely misses you. The endoplasm is attracted toward you.
The rat attacks as you move away! The rat misses you.
The hobgoblin is attracted toward you. The endoplasm is attracted toward you.
The frilled lizard is attracted toward you.
The hobgoblin is attracted toward you. The endoplasm attacks as you move away!
The endoplasm completely misses you.
The rat twitches its whiskers.
The ball python is attracted toward you.
The endoplasm attacks as you move away!
The endoplasm hits you but does no damage.
The rat attacks as you move away! The rat closely misses you.
The ball python is attracted toward you.
The rat attacks as you move away! The rat misses you.
The rat attacks as you move away! The rat completely misses you.
The frilled lizard unfolds its giant frill.
You feel less attractive to monsters. The rat attacks as you move away!
The rat bites you.
* * * LOW HITPOINT WARNING * * *
The rat attacks as you move away! The rat bites you.
You die...

.......$......†...#.#
S§..####.........##S##
##### #.........#)..# #
#########.)# # ##.#...#
## #..##)## # .#####
#...###..# .....####
#.......#
#..Sg.l.########@.#####
###..##JJ.#..JJr..#
##.####.#Sl....##
#..###........#
##............#
#######...)..# #......#
#......# #......#


You could see 2 endoplasms, a ball python, a frilled lizard and a rat.

Vanquished Creatures
  A bat (D:1)
  An endoplasm (D:1)
  A giant cockroach (D:1)
  3 goblins (D:1)
  2 hobgoblins (D:1)
  A jackal (D:1)
  3 kobolds (D:1)
  2 rats (D:1)
14 creatures vanquished.

Vanquished Creatures (others)
  37 foxfires (D:1)
37 creatures vanquished.

Grand Total: 51 creatures vanquished

Notes
Turn   | Place    | Note
-------+----------+-------------------------------------------
     0 | D:1      | anonymouscript the Djinni Fire Elementalist began the quest
                  | for the Orb.
     0 | D:1      | anonymouscript set off with the following spells memorised:
                  | Foxfire, Scorch, Conjure Flame, Inner Flame, Flame Wave.
     0 | D:1      | Reached XP level 1. HP: 15/15 MP: 0/0
   139 | D:1      | Reached XP level 2. HP: 15/21 MP: 0/0
   507 | D:1      | Gained mutation: You are weak. (Str -2) [potion of
                  | mutation]
   507 | D:1      | Gained mutation: You are partially covered in iridescent
                  | scales. (AC +2) [potion of mutation]
   507 | D:1      | Gained mutation: Your spells are a little easier to cast,
                  | but a little less powerful. [potion of mutation]
   507 | D:1      | Gained mutation: You are robust. (+10% HP) [potion of
                  | mutation]
   508 | D:1      | Reached skill level 3 in Spellcasting
   519 | D:1      | HP: 1/23 [rat (1)]
   549 | D:1      | Slain by a rat

Illustrated notes

Levels and vault maps discovered:
D:1:      nzn_arrival_crosshair, layout_rooms, st_stairs_12, minmay_ruptured

Skill      XL: |  1  2 |
---------------+-------+-----
Spellcasting   | 3 |  3.0
Dodging        | |  2.2
Stealth        | |  1.6

Action                   || total
-------------------------++-------
 Cast: Foxfire           ||    23
       Scorch            ||     1
  Use: Potion            ||     2
Armor: Robe              ||     7
Dodge: Dodged            ||    31
